 Dungeon Crawl Stone Soup version 0.30-a0-12-gd8047c6341 (webtiles) character file.

Game seed: 16362813589303224110

707 SensoryNuts the Cleaver (level 7, -6/66 HPs)
             Began as a Hill Orc Monk on Aug 23, 2022.
             Mangled by an ogre
             ... wielding a +0 giant spiked club
              (27 damage)
             ... on level 6 of the Dungeon.
             The game lasted 00:10:43 (6187 turns).

SensoryNuts the Cleaver (Hill Orc Monk)             Turns: 6187, Time: 00:10:44

Health: -6/66      AC:  4    Str: 15 (16) XL:     7   Next: 67%
Magic:  7/7        EV: 13    Int:  9 (10) God:
Gold:   787        SH:  9    Dex: 18 (19) Spells: 6/6 levels left

rFire   + . .      SeeInvis .    a - +1 hand axe
rCold   . . .      Faith    .    (no shield)
rNeg    . . .      Spirit   .    o - +0 leather armour
rPois   +          Reflect  +    (helmet restricted)
rElec   .          Harm     .    (no cloak)
rCorr   +          Rampage  .    s - +0 pair of gloves
Will    .....                    (no boots)
Stlth   ++........               e - amulet of reflection
HPRegen 0.21/turn                i - +6 ring of dexterity
MPRegen 0.10/turn                n - ring of resist corrosion

@: no status effects
A: horns 1, large bone plates 1, fire resistance 1, passive freeze, poison
resistance, robust 1
a: no special abilities


You were on level 6 of the Dungeon.
You visited 2 branches of the dungeon, and saw 7 of its levels.
You also visited: Ossuary.

You collected 787 gold pieces.

Inventory:

Hand Weapons
 a - a +1 hand axe (weapon)
Armour
 l - a +1 helmet
 o - a +0 leather armour (worn)
 s - a +0 pair of gloves (worn)
Jewellery
 e - an amulet of reflection (around neck)
 i - a +6 ring of dexterity (left hand)
 k - a ring of protection from fire
 n - a ring of resist corrosion (right hand)
Wands
 b - a wand of charming (9)
Scrolls
 f - 2 scrolls of immolation
 g - 2 scrolls of teleportation
Potions
 c - 2 potions of ambrosia
 d - 2 potions of magic
 h - 2 potions of berserk rage
 j - a potion of attraction
 p - 5 potions of curing
 q - a potion of lignification
 r - a potion of resistance
 t - 2 potions of haste
 u - 2 potions of heal wounds


   Skills:
 + Level 4.6 Fighting
 * Level 9.3 Axes
 + Level 0.1 Armour
 + Level 3.3 Dodging
 + Level 2.7 Stealth
 + Level 2.0 Shields


You had 6 spell levels left.
You didn't know any spells.
Your spell library contained the following spells:

 Spells                   Type           Power      Damage    Failure   Level
 Apportation              Tloc           0%         N/A       45%         1
 Poisonous Vapours        Pois/Air       0%         N/A       58%         2
 Corpse Rot               Necr/Pois/Air  0%         N/A       99%         4
 Summon Ice Beast         Ice/Summ       0%         N/A       99%         4
 Summon Mana Viper        Hex/Summ       0%         N/A       100%        5
 Monstrous Menagerie      Summ           0%         N/A       100%        7


Dungeon Overview and Level Annotations

Branches:
Dungeon (6/15)             Temple (1/1) D:4         Ossuary (visited)

Altars:
Cheibriados
Elyvilon
Fedhas
Gozag
Kikubaaqudgha
Makhleb
Okawaru
Sif Muna
Trog
Vehumet
Wu Jian
Yredelemnul

Annotations:
D:2 Sigmund


Innate Abilities, Weirdness & Mutations

You have a pair of small horns on your head.
You are partially covered in large bone plates. (SH +4)
Your flesh is heat resistant. (rF+)
A frigid envelope surrounds you and freezes all who hurt you.
Your system is resistant to poisons. (rPois)
You are robust. (+10% HP)


Message History

r - a potion of resistance
As you read the scroll of identify, it crumbles to dust.
t - 2 potions of haste It was a potion of brilliance.
You feel clever all of a sudden.
You see here a +0 ring mail.
Done exploring.
Done exploring.
Done exploring.
Done exploring.
Okay, then.
You feel a little less clever now.
There is a stone staircase leading down here.
You climb downwards.
Found a scale mail.
Found a stone staircase leading up.
There is a stone staircase leading up here.
An ice beast is nearby!
An ice beast is nearby!
An ice beast is nearby!
An ogre and a steam dragon come into view.
Found a scroll of teleportation and 3 stones.
The helpless ice beast fails to defend itself.
You slash the ice beast!
You headbutt the ice beast, but do no damage.
The ice beast is moderately wounded.
The helpless ogre fails to defend itself.
You hit the ogre. You completely miss the ice beast.
You headbutt the ice beast.
You punch the ice beast, but do no damage.
The ice beast is moderately wounded.
You hit the ogre.
The ogre hits you with a +0 giant spiked club!!
The ogre is very cold.
The ogre is heavily wounded.
The ice beast hits you. The ice beast freezes you!
The ice beast completely resists.
You hear a bark!
You hear an angry hiss.
The ogre attacks as you move away!
The ogre hits you with a +0 giant spiked club!!
You die...

# . #? [..
#.#####.....
#...<...#
###@###.....
#.YO.......
...#........
..#..
.#.##.. ..<
... ...# ..
...# D... .
.#.. ..# .
....( ... #.


You could see a steam dragon, an ice beast and an ogre.

Vanquished Creatures
  An orc warrior (D:4)
  A scorpion (D:5)
  2 water moccasin zombies (Ossuary)
  2 howler monkeys (D:4)
  2 hounds (D:4)
  An orc priest (D:3)
  3 iguanas
  2 mummies (Ossuary)
  A gnoll (D:3)
  5 adders
  A white imp (D:3)
  An ufetubus (D:5)
  3 adder zombies (Ossuary)
  A worm (D:2)
  3 dart slugs
  7 orcs
  2 endoplasms
  4 giant cockroaches
  4 gnoll zombies (Ossuary)
  6 goblins
  8 hobgoblins
  4 quokkas
  7 ball pythons
  5 bats
  A frilled lizard (D:1)
  6 hobgoblin zombies (Ossuary)
  9 kobolds
  5 kobold zombies (Ossuary)
  4 orc zombies (Ossuary)
  5 rats
106 creatures vanquished.

Notes
Turn   | Place    | Note
-------+----------+-------------------------------------------
     0 | D:1      | SensoryNuts the Hill Orc Monk began the quest for the Orb.
     0 | D:1      | Reached XP level 1. HP: 19/19 MP: 1/1
   173 | D:1      | Reached XP level 2. HP: 27/27 MP: 2/2
   790 | D:1      | Reached XP level 3. HP: 19/33 MP: 3/3
  1294 | D:1      | Gained mutation: You have hidden genetic potential. [potion
                  | of mutation]
  1294 | D:1      | Gained mutation: You are partially covered in large bone
                  | plates. (SH +4) [potion of mutation]
  1294 | D:1      | Gained mutation: Your flesh is heat resistant. (rF+)
                  | [potion of mutation]
  1294 | D:1      | Gained mutation: Your system is resistant to poisons.
                  | (rPois) [potion of mutation]
  1320 | D:2      | Noticed Sigmund
  1447 | D:2      | Reached skill level 5 in Axes
  1901 | D:3      | Reached XP level 4. HP: 11/40 MP: 4/4
  1904 | D:3      | Gained mutation: You have great hidden genetic potential.
                  | [hidden potential]
  2402 | D:3      | Reached skill level 6 in Axes
  2590 | D:3      | Found a bloodstained altar of Trog.
  2603 | D:3      | Reached XP level 5. HP: 40/46 MP: 5/5
  2692 | D:3      | Found a shimmering blue altar of Sif Muna.
  2696 | D:3      | Got Sif Muna's Encyclopedia of the Voyage
  2876 | D:3      | Identified a scroll of acquirement
  2876 | D:3      | Acquired 468 gold pieces
  3040 | D:4      | Reached skill level 1 in Shields
  3046 | D:4      | Gained mutation: You are robust. (+10% HP) [hidden
                  | potential]
  3046 | D:4      | Lost mutation: You have great hidden genetic potential.
                  | [hidden potential expressed]
  3280 | D:4      | Found a staircase to the Ecumenical Temple.
  3370 | D:4      | Found a sand-covered staircase.
  3375 | Ossuary  | Entered an ossuary
  3398 | Ossuary  | Reached skill level 7 in Axes
  3398 | Ossuary  | Reached XP level 6. HP: 54/57 MP: 6/6
  3404 | Ossuary  | Gained mutation: You have a pair of small horns on your
                  | head. [hidden potential]
  3906 | D:4      | Reached skill level 8 in Axes
  4422 | D:4      | Noticed an orc warrior
  4433 | D:4      | Reached XP level 7. HP: 66/66 MP: 7/7
  4473 | D:4      | Gained mutation: A frigid envelope surrounds you and
                  | freezes all who hurt you. [hidden potential]
  4473 | D:4      | Lost mutation: You have hidden genetic potential. [hidden
                  | potential expressed]
  4831 | Temple   | Entered the Ecumenical Temple
  5017 | D:5      | Entered Level 5 of the Dungeon
  5145 | D:5      | Reached skill level 9 in Axes
  5820 | D:5      | Found a white marble altar of Elyvilon.
  6184 | D:6      | Noticed a steam dragon
  6187 | D:6      | Mangled by an ogre

Illustrated notes

Levels and vault maps discovered:
D:1:      dpeg_arrival_radiant, layout_basic
D:2:      layout_rooms, hellmonk_ecumenical_altar_inner_sanctum,
          minmay_snake_closets, uniq_sigmund
D:3:      layout_loops_cross, nzn_overflow_gifts_of_might_and_magic,
          minmay_liquid_box
D:4:      minmay_chambers_of_fours, layout_loops_ring,
          minmay_temple_entry_glassed_door,
          nicolae_ossuary_entry_false_entrances
D:5:      layout_basic, elyvilon_altar_5
D:6:      layout_rooms, kennysheep_mini, nicolae_overflow_crystal_walls,
          mainiacjoe_overflow_divided_tiny, grunt_temple_overflow_open
Temple:   nicolae_temple_ecumenical_triangle

Skill      XL: |  1  2  3  4  5  6  7 |
---------------+----------------------+-----
Axes           | 5 6 7 8 9 |  9.3
Stealth        | 2 |  2.7
Fighting       | 4 |  4.6
Dodging        | 3 |  3.3
Shields        | 1 2 |  2.0
Armour         | |  0.1

Action                   |  1- 3 |  4- 6 |  7- 9 || total
-------------------------+-------+-------+-------++-------
Melee: Hand axe          |   119 |   192 |    45 ||   356
       Punch             |     3 |     2 |     1 ||     6
       Headbutt          |       |    17 |     9 ||    26
  Use: Potion            |     5 |     8 |     4 ||    17
       Scroll            |     4 |     7 |     2 ||    13
 Stab: Sleeping          |     3 |     6 |     3 ||    12
       Distracted        |       |     2 |       ||     2
Armor: Robe              |    14 |    18 |       ||    32
       Leather armour    |       |       |     5 ||     5
Dodge: Dodged            |    53 |    73 |    15 ||   141
Block: Other             |    26 |    73 |    11 ||   110
       Reflection        |     2 |     2 |       ||     4

Table legend: (Time is in decaauts)
 A = Elapsed time spent in this place.
 B = Non-inter-level travel time spent in this place.
 C = Inter-level travel time spent in this place.
 D = Time resting spent in this place.
 E = Time spent auto-exploring this place.
 F = Levels seen in this place.
 G = Mean time per level.
                   A        B        C        D        E       F      G
               +--------+--------+--------+--------+--------+-----+--------+
         Total |   6186 |   5743 |    443 |      0 |   4652 |   8 |  773.2 |
       Dungeon |   5842 |   5415 |    427 |      0 |   4483 |   6 |  973.7 |
        Temple |     63 |     47 |     16 |      0 |     30 |   1 |   63.0 |
       Ossuary |    281 |    281 |      0 |      0 |    139 |   1 |  281.0 |
               +--------+--------+--------+--------+--------+-----+--------+

Top non-repeatable levels by time:
     D:4: 1697 daAuts
     D:1: 1322 daAuts
     D:3: 1183 daAuts
     D:5: 1163 daAuts
     D:2: 472 daAuts
 Ossuary: 281 daAuts
  Temple: 63 daAuts
     D:6: 3 daAuts
